 Dungeon Crawl Stone Soup version 0.22.1-2-g9c5b331 (webtiles) character file.

62 Heatsaber the Charmwright (level 4, -4/23 HPs)
             Began as a Vine Stalker Skald on Dec 28, 2018.
             Slain by a gnoll
             ... wielding a +2 halberd of flaming
              (13 damage)
             ... on level 2 of the Dungeon.
             The game lasted 00:05:59 (1160 turns).

Heatsaber the Charmwright (Vine Stalker Skald)      Turns: 1160, Time: 00:06:00

Health: -4/23      AC:  6    Str: 14    XL:     4   Next: 8%
Magic:  0/8        EV: 11    Int: 14    God:
Gold:   89         SH:  0    Dex: 13    Spells: 5/8 levels left

rFire    . . .     SeeInvis .   e - +2 short sword (drain)
rCold    . . .     Gourm    .   (no shield)
rNeg     . . .     Faith    .   j - +1 ring mail
rPois    .         Spirit   +   (no helmet)
rElec    .         Reflect  .   (no cloak)
rCorr    .         Harm     .   (no gloves)
MR       .....                  (no boots)
Stlth    +.........             (no amulet)
HPRegen  0.47/turn              (no ring)
MPRegen  0.11/turn              (no ring)

@: infused, singing
A: fangs 2, regeneration 1, magic shield, antimagic bite, no potion heal 3, rot
immunity
a: no special abilities


You were on level 2 of the Dungeon.
You were not hungry.

You visited 1 branch of the dungeon, and saw 2 of its levels.

You collected 89 gold pieces.

Inventory:

Hand Weapons
 a - a +0 short sword
 e - a +2 short sword of draining (weapon)
Armour
 b - a +0 leather armour
 j - a +1 ring mail (worn)
Scrolls
 g - a scroll of enchant armour
 h - a scroll of identify {unknown}
 i - a scroll of teleportation {unknown}
Comestibles
 d - a ration
 f - 7 chunks of flesh


   Skills:
 + Level 2.1 Fighting
 + Level 2.5 Short Blades
 - Level 0.7 Armour
 + Level 1.9 Dodging
 + Level 2.5 Spellcasting
 + Level 3.6 Charms


You had 5 spell levels left.
You knew the following spells:

 Your Spells              Type           Power        Failure   Level  Hunger
a - Infusion              Chrm           ##..         11%         1    #......
b - Song of Slaying       Chrm           ##......     16%         2    ###....

Your spell library contained the following spells:

 Spells                   Type           Power        Failure   Level  Hunger
 Shroud of Golubria       Chrm/Tloc      #.........   32%         2    ###....
 Regeneration             Chrm/Necr      #.........   54%         3    ###....
 Spectral Weapon          Hex/Chrm       #.......     54%         3    ###....


Dungeon Overview and Level Annotations

Branches:
Dungeon (2/15)

Altars:


Innate Abilities, Weirdness & Mutations

You have extremely sharp teeth.
Your natural rate of healing is unusually fast.
When hurt, damage is shared between your health and your magic reserves.
Your bite disrupts and absorbs the magic of your enemies.
Potions cannot restore your health.
You are immune to rotting.


Message History

The gnoll is heavily wounded.
You see here a throwing net.
Casting: Infusion (safe; 11% risk of failure)
Confirm with . or Enter, or press ? or * to list all spells.
You start singing a song of slaying.
You hit the gnoll. You drain the gnoll! You bite the gnoll, but do no damage.
The gnoll is severely wounded.
The gnoll hits you but does no damage. x2
You hit the gnoll. You drain the gnoll!
You kill the gnoll!
You have reached level 4!
You feel stronger.
You begin to heal more quickly.
The gnoll hits you from afar with a halberd of flaming!
The gnoll burns you.
Some of the chunks of flesh in your inventory have rotted away.
Unknown command.
The gnoll hits you with a halberd of flaming!
Ouch! That really hurt!
You die...

.####.(####.####
.........(..##.##.
#####..##.(..(....
#..##..#######
#........
#.###..### #.# #..#
#.# #..#
#######.### #.#
#..# #.(@gg.....
#.# #..#
#.#####.### #.#
#..###.#####. #.#
#.......(....#
##.####.#########.#
#.......#
#.####.....[# #.
#..###.# #. #..#


You could see 2 gnolls.

Vanquished Creatures
  An adder (D:2)
  A gnoll (D:2)
  A dart slug (D:1)
  A leopard gecko (D:1)
  11 giant cockroaches (D:2)
  2 goblins (D:1)
  4 hobgoblins (D:1)
  6 kobolds
  A ball python (D:1)
  5 bats
  A frilled lizard (D:1)
  3 rats (D:2)
37 creatures vanquished.

Notes
Turn   | Place    | Note
-------+----------+-------------------------------------------
     0 | D:1      | Heatsaber the Vine Stalker Skald began the quest for the
                  | Orb.
     0 | D:1      | Reached XP level 1. HP: 11/11 MP: 4/4
   179 | D:1      | Reached XP level 2. HP: 3/15 MP: 3/6
   556 | D:1      | Learned a level 2 spell: Song of Slaying
  1021 | D:2      | Reached XP level 3. HP: 18/18 MP: 3/7
  1159 | D:2      | Gained mutation: Your natural rate of healing is unusually
                  | fast. [Vine Stalker growth]
  1159 | D:2      | Reached XP level 4. HP: 23/23 MP: 0/8
  1160 | D:2      | Slain by a gnoll

Skill      XL: |  1  2 |
---------------+-------+-----
Fighting       | 2 |  2.1
Short Blades   | 2 |  2.5
Armour         | |  0.7
Dodging        | |  1.9
Spellcasting   | |  2.5
Charms         | |  3.6

Action                   |  1- 3 |  4- 6 || total
-------------------------+-------+-------++-------
Melee: Short sword       |    97 |       ||    97
       Bite              |    21 |       ||    21
 Cast: Infusion          |     9 |       ||     9
       Song of Slaying   |     3 |       ||     3
  Use: Scroll            |     1 |       ||     1
       Potion            |     1 |       ||     1
  Eat: Chunk             |     1 |       ||     1
Armor: Leather armour    |    34 |       ||    34
       Ring mail         |     9 |       ||     9
Dodge: Dodged            |   105 |       ||   105
